 Dungeon Crawl Stone Soup version 0.21-a0-634-gaf8bc5d (webtiles) character file.

77 Leszczynek the Chopper (level 4, -7/40 HPs)
             Began as a Deep Dwarf Fighter on Dec 29, 2017.
             Mangled by a gnoll
             ... wielding a +0 halberd
              (11 damage)
             ... on level 5 of the Dungeon.
             The game lasted 00:03:31 (517 turns).

Leszczynek the Chopper (Deep Dwarf Fighter)          Turns: 517, Time: 00:03:32

Health: -7/40      AC:  6    Str: 20    XL:     4   Next: 14%
Magic:  4/4        EV:  7    Int:  9    God:
Gold:   101        SH:  9    Dex: 12    Spells: 3/3 levels left

rFire    . . .     SeeInvis .   a - +0 war axe
rCold    . . .     Gourm    .   c - +0 shield
rNeg     . . .     Faith    .   b - +0 scale mail
rPois    .         Spirit   .   (no helmet)
rElec    .         Reflect  .   (no cloak)
rCorr    .         Harm     .   (no gloves)
MR       .....                  (no boots)
Stlth    ..........             (no amulet)
HPRegen  0.00/turn              h - ring of wizardry
MPRegen  0.09/turn              (no ring)

@: lethally poisoned (-7 -> -7), non-regenerating
A: damage resistance, heal wounds, sense surroundings 1, no regeneration
a: Heal Wounds


You were on level 5 of the Dungeon.
You were not hungry.

You visited 1 branch of the dungeon, and saw 5 of its levels.

You collected 101 gold pieces.

Inventory:

Hand Weapons
 a - a +0 war axe (weapon)
Missiles
 n - 8 javelins (quivered)
Armour
 b - a +0 scale mail (worn)
 c - a +0 shield (worn)
Jewellery
 h - a ring of wizardry (left hand)
Wands
 i - a wand of flame (17)
 l - a wand of acid (5)
Scrolls
 e - a scroll of amnesia {unknown}
 m - a scroll of magic mapping {unknown}
 o - a scroll of immolation {unknown}
Potions
 f - a potion of might
 j - a potion of brilliance {unknown}
 k - a potion of lignification {unknown}
Comestibles
 d - 4 rations
 g - a chunk of flesh


   Skills:
 - Level 2.6 Fighting
 + Level 4.9 Axes
 - Level 3.2 Armour
 - Level 3.2 Shields


You had 3 spell levels left.
You didn't know any spells.

Dungeon Overview and Level Annotations

Branches:
Dungeon (5/15)
 Temple: D:4-7

Altars:
Ashenzari
Cheibriados
Zin


Innate Abilities, Weirdness & Mutations

You are resistant to damage.
You can heal yourself by infusing magical energy.
You passively map a small area around you.
You do not regenerate.


Message History

You hit the crimson imp.
The gnoll hits you with a whip of venom.
You are poisoned.
The crimson imp barely misses you.
The gnoll hits you from afar with a halberd.
You block the gnoll's attack. The crimson imp hits you.
You hit the gnoll.
The gnoll is moderately wounded.
You closely miss the gnoll. You barely miss the crimson imp.
You block the gnoll's attack. x2; You block the crimson imp's attack.
The gnoll hits you from afar with a halberd!
* * * LOW HITPOINT WARNING * * *
The gnoll hits you but does no damage.
You fail to use your ability.
You block the gnoll's attack.
You fail to use your ability.
The gnoll hits you with a whip of venom!
* * * LOW HITPOINT WARNING * * *
You are more poisoned.
The gnoll hits you from afar with a halberd!
You die...

.....#..##.#####.##.
,.....#..##....##.##.
#...................
##.##..#####.##.#..
###.##..### #.#.....
##.g.......###.#..#..
#>.g5................
#######..#g##....###.#.....
#.....5..#@##.#### #.......
#......g#####.## *#.#.##.#
#......g........, .... ...
####...g........ ,.....,...
#......g..... ......, ..
#............
#....ยง.......,
##........... ,
#.........=. ,,,


You could see 3 gnolls and a crimson imp.

Vanquished Creatures
  A bullfrog skeleton (D:5)
  A gnoll (D:5)
  An adder (D:4)
  An ooze (D:3)
  An adder skeleton (D:4)
  A worm (D:2)
  A dart slug (D:2)
  A leopard gecko (D:2)
  A ball python (D:5)
  A giant cockroach (D:2)
  3 hobgoblins
  4 jackals (D:4)
  A frilled lizard (D:4)
  2 rats (D:2)
20 creatures vanquished.

Notes
Turn   | Place    | Note
-------+----------+-------------------------------------------
     0 | D:1      | Leszczynek the Deep Dwarf Fighter began the quest for the Orb.
     0 | D:1      | Reached XP level 1. HP: 20/20 MP: 1/1
     3 | D:1      | Noticed an electric eel
     3 | D:1      | Noticed an electric eel
    92 | D:2      | Found a glowing silver altar of Zin.
    92 | D:2      | Found a snail-covered altar of Cheibriados.
   140 | D:3      | Reached skill level 3 in Axes
   140 | D:3      | Reached XP level 2. HP: 25/27 MP: 2/2
   144 | D:3      | Found a shattered altar of Ashenzari.
   276 | D:3      | You fall through a shaft!
   323 | D:4      | Reached XP level 3. HP: 11/33 MP: 3/3
   347 | D:4      | 26% failure chance = 5 out of 6
   347 | D:4      | crawl math
   351 | D:4      | Reached skill level 4 in Axes
   453 | D:5      | Entered Level 5 of the Dungeon
   470 | D:5      | Reached XP level 4. HP: 25/40 MP: 4/4
   517 | D:5      | HP: 4/40 [gnoll/whip of venom (6)]
   517 | D:5      | Mangled by a gnoll

Vault maps used:
D:1:      arrival_aquarium_b
D:2:      gammafunk_temple_overflow_elements, minmay_tromino_v4_c
D:3:      lemuel_doored_altar, kennysheep_generic_room_4
D:4:      kennysheep_big_flooded_room, overflow_temple_1_default,
          serial_bayou_pond_e, minivault_26, corexii_leaking_fountain,
          fedhas_altar_2
D:5:      first_ration

Skill      XL: |  1  2  3 |
---------------+----------+-----
Axes           | 3 4 |  4.9
Fighting       | |  2.6
Armour         | |  3.2
Shields        | |  3.2

Action                   |  1- 3 |  4- 6 || total
-------------------------+-------+-------++-------
Melee: War axe           |    65 |     4 ||    69
 Abil: Heal Wounds       |     1 |       ||     1
Armor: Scale mail        |    37 |     1 ||    38
Dodge: Dodged            |    22 |     3 ||    25
Block: Shield            |    37 |    10 ||    47

Table legend:
 A = Spawn XP
 B = Non-spawn XP
 C = Spawn XP percentage of total XP
 D = Spawn monster count
 E = Non-spawn monster count
 F = Spawn count percentage of total count
 G = Total turns spent on level
                    A         B        C        D         E        F      G
               +---------+---------+-------+---------+---------+-------+---------
         Total |       0 |     111 |   0.0 |       0 |      20 |   0.0 |   517
               +---------+---------+-------+---------+---------+-------+---------
           D:1 |       0 |       2 |   0.0 |       0 |       1 |   0.0 |    43
           D:2 |       0 |      20 |   0.0 |       0 |       8 |   0.0 |   127
           D:3 |       0 |       7 |   0.0 |       0 |       1 |   0.0 |   106
           D:4 |       0 |      27 |   0.0 |       0 |       7 |   0.0 |   177
           D:5 |       0 |      55 |   0.0 |       0 |       3 |   0.0 |    64
               +---------+---------+-------+---------+---------+-------+---------
